[Event "EYCC Open-U10 2019"]
[Site "Bratislava"]
[Date "2019.08.04"]
[Round "3.2"]
[White "Finek, Vaclav"]
[Black "Gal, Andrej"]
[Result "1-0"]
[ECO "E62"]
[WhiteElo "2043"]
[BlackElo "1705"]
[Annotator "NA"]
[PlyCount "118"]
[EventDate "2019.08.02"]
[EventType "swiss"]
[EventCountry "SVK"]
[SourceTitle "playchess.com"]
[Source "ChessBase"]
[SourceQuality "1"]
[TimeControl "40/5400+30:1800+30"]

1. d4 Nf6 2. Nf3 g6 3. c4 Bg7 4. g3 O-O 5. Bg2 d6 6. O-O Nc6 7. Nc3 e5 8. d5 Nb8 9. e4 a5 10. Qc2 Na6 11. a3 Nc5 12. b3 a4 13. b4 Nb3 14. Rb1 Nxc1 15. Rbxc1 Bd7 16. Ne1 Nh5 17. c5 f5 18. exf5 gxf5 19. Qe2 Nf6 20. Qc4 Qe7 21. Nd3 e4 22. Nf4 Bh6 23. Nce2 Kh8 24. Rfe1 Ng4 25. Qc3+ Bg7 26. Nd4 Qe5 27. Rcd1 Rae8 28. h3 Nf6 29. Qc4 Bh6 30. Nde2 b6 31. c6 Bc8 32. b5 e3 33. f3 Rg8 34. Qxa4 Bxf4 35. Qxf4 Qxf4 36. Nxf4 Rxg3 37. Rd3 e2 38. Rxe2 Rxe2 39. Nxe2 Rg8 40. Nf4 Re8 41. Kf2 Kg7 42. Ne2 Kg6 43. Rd4 Re5 44. Nf4+ Kf7 45. Bf1 Ng8 46. Ra4 Nf6 47. Ra7 Re7 48. a4 h6 49. Bc4 Nh7 50. Ra8 Re8 51. h4 Nf6 52. Ba2 Ng8 53. a5 bxa5 54. Rxa5 Kf6 55. Ra7 Re7 56. Ra8 Re8 57. Ne6 Rxe6 58. dxe6 Bxe6 59. Bxe6 Kxe6 1-0

[Event "EYCC Open-U10 2019"]
[Site "Bratislava"]
[Date "2019.08.04"]
[Round "3.3"]
[White "Navoyan, Gagik"]
[Black "Vetokhin, Savva"]
[Result "0-1"]
[ECO "B20"]
[WhiteElo "1670"]
[BlackElo "1954"]
[Annotator "NA"]
[PlyCount "74"]
[EventDate "2019.08.02"]
[EventType "swiss"]
[EventCountry "SVK"]
[SourceTitle "playchess.com"]
[Source "ChessBase"]
[SourceQuality "1"]
[TimeControl "40/5400+30:1800+30"]

1. e4 c5 2. g3 g6 3. Bg2 Bg7 4. Ne2 Nc6 5. c3 Qb6 6. d3 d6 7. O-O e6 8. Nd2 Nge7 9. Nc4 Qc7 10. Ne3 O-O 11. f4 b6 12. g4 f5 13. Ng3 Bd7 14. h4 Rae8 15. h5 Nd8 16. hxg6 hxg6 17. gxf5 exf5 18. exf5 gxf5 19. Nh5 Rf7 20. Rf3 Bc6 21. Rg3 Bxg2 22. Rxg2 Kf8 23. Qf3 Ne6 24. Bd2 Qd7 25. Kh2 Bh8 26. Kg1 Rh7 27. Ng3 Ng7 28. c4 Kf7 29. Bc3 Rh3 30. Nd5 Nh5 31. Nxe7 Bxc3 32. bxc3 Kxe7 33. Re1+ Kf8 34. Rxe8+ Qxe8 35. Kf2 Nf6 36. Rg1 Ng4+ 37. Kf1 Nh2+ 0-1

[Event "EYCC Open-U10 2019"]
[Site "Bratislava"]
[Date "2019.08.04"]
[Round "3.4"]
[White "Medhus, Vitus Bondo"]
[Black "Samunenkov, Ihor"]
[Result "0-1"]
[ECO "B36"]
[WhiteElo "1704"]
[BlackElo "1985"]
[Annotator "NA"]
[PlyCount "50"]
[EventDate "2019.08.02"]
[EventType "swiss"]
[EventCountry "SVK"]
[SourceTitle "playchess.com"]
[Source "ChessBase"]
[SourceQuality "1"]
[TimeControl "40/5400+30:1800+30"]

1. e4 c5 2. Nf3 Nc6 3. d4 cxd4 4. Nxd4 g6 5. c4 Nf6 6. Nc3 Nxd4 7. Qxd4 d6 8. f3 Bg7 9. Be3 O-O 10. Qd2 Qa5 11. Rc1 Be6 12. Be2 Rfc8 13. b3 a6 14. O-O b5 15. cxb5 axb5 16. Nxb5 Rxc1 17. Qxc1 Qxa2 18. Bc4 Rc8 19. Na7 Rc7 20. Nb5 Bxc4 21. Rf2 Bxb5 22. Qxc7 Qa1+ 23. Bc1 Ne8 24. Qc8 Bd4 25. b4 Qa2 0-1

[Event "EYCC Open-U10 2019"]
[Site "Bratislava"]
[Date "2019.08.04"]
[Round "3.5"]
[White "Usov, Aleksandr E."]
[Black "Hvozdz, Aliaksandr"]
[Result "1-0"]
[ECO "B01"]
[WhiteElo "1809"]
[BlackElo "1699"]
[Annotator "NA"]
[PlyCount "93"]
[EventDate "2019.08.02"]
[EventType "swiss"]
[EventCountry "SVK"]
[SourceTitle "playchess.com"]
[Source "ChessBase"]
[SourceQuality "1"]
[TimeControl "40/5400+30:1800+30"]

1. e4 d5 2. exd5 Qxd5 3. Nc3 Qd6 4. d4 Nf6 5. Nf3 c6 6. Bd3 Bg4 7. Ne4 Nxe4 8. Bxe4 e6 9. O-O Be7 10. c3 Nd7 11. Bd3 O-O 12. Be2 c5 13. Be3 cxd4 14. Nxd4 Bxe2 15. Qxe2 Nf6 16. Rad1 Nd5 17. c4 Nxe3 18. Qxe3 Rfd8 19. Qf3 Qb6 20. Nb5 Bf6 21. b3 Rxd1 22. Rxd1 Rd8 23. g3 Rxd1+ 24. Qxd1 a6 25. Qd7 Qd8 26. Qxd8+ Bxd8 27. Nd6 b6 28. Ne4 Kf8 29. f4 Ke7 30. Kf2 Kd7 31. Ke3 f5 32. Nd2 e5 33. fxe5 Bg5+ 34. Kd3 Bxd2 35. Kxd2 Ke6 36. Ke3 Kxe5 37. h4 g6 38. b4 h6 39. a3 g5 40. h5 a5 41. bxa5 bxa5 42. a4 g4 43. c5 Kd5 44. Kf4 Kxc5 45. Kxf5 Kb4 46. Kg6 Kxa4 47. Kxh6 1-0

[Event "EYCC Open-U10 2019"]
[Site "Bratislava"]
[Date "2019.08.04"]
[Round "3.6"]
[White "Agasarov, Benik"]
[Black "Giang, Tran Nam"]
[Result "0-1"]
[ECO "A06"]
[WhiteElo "1697"]
[BlackElo "1931"]
[Annotator "NA"]
[PlyCount "54"]
[EventDate "2019.08.02"]
[EventType "swiss"]
[EventCountry "SVK"]
[SourceTitle "playchess.com"]
[Source "ChessBase"]
[SourceQuality "1"]
[TimeControl "40/5400+30:1800+30"]

1. Nf3 d5 2. g3 Nf6 3. Bg2 c6 4. O-O Bf5 5. d3 e6 6. b3 Be7 7. Bb2 O-O 8. Nbd2 h6 9. c4 a5 10. a3 Nbd7 11. Rc1 Bh7 12. Re1 Qb6 13. Rc2 Bc5 14. Rf1 Rfe8 15. Qa1 e5 16. cxd5 cxd5 17. Rcc1 Qd6 18. Rfe1 Ba7 19. e4 Ng4 20. Re2 Nc5 21. h3 Nxf2 22. Kh2 Nfxd3 23. Rxc5 Bxc5 24. exd5 Nxb2 25. Qxb2 e4 26. Nc4 Qxd5 27. Nfd2 Qd3 0-1

[Event "EYCC Open-U10 2019"]
[Site "Bratislava"]
[Date "2019.08.04"]
[Round "3.7"]
[White "Deladerriere, Apollo"]
[Black "Povshednyi, Ivan"]
[Result "1-0"]
[ECO "B23"]
[WhiteElo "1696"]
[BlackElo "1872"]
[Annotator "NA"]
[PlyCount "93"]
[EventDate "2019.08.02"]
[EventType "swiss"]
[EventCountry "SVK"]
[SourceTitle "playchess.com"]
[Source "ChessBase"]
[SourceQuality "1"]
[TimeControl "40/5400+30:1800+30"]

1. e4 c5 2. Nc3 e6 3. f4 d5 4. Nf3 a6 5. d3 Nc6 6. g3 g6 7. Bg2 Bg7 8. O-O Nge7 9. g4 O-O 10. Nh4 f5 11. gxf5 gxf5 12. e5 b5 13. Nf3 d4 14. Ne2 Qb6 15. Kh1 Kh8 16. Qe1 Bd7 17. Qh4 Ng6 18. Qh5 Be8 19. Qh3 h6 20. Bd2 Rc8 21. Ng3 Nce7 22. Nh5 c4 23. Bb4 a5 24. Bd6 Nd5 25. Nxg7 Kxg7 26. Bxf8+ Nxf8 27. Ne1 Bc6 28. Rf3 Kh7 29. Qh5 Be8 30. Qh3 Ng6 31. Qg3 Bf7 32. Rf2 Ne3 33. Bf3 Rg8 34. Ng2 Nxe5 35. Qh3 cxd3 36. fxe5 Rc8 37. cxd3 Qc5 38. Nxe3 dxe3 39. Re2 Qxe5 40. Rg1 Rd8 41. Bh5 Qd5+ 42. Reg2 Rf8 43. Bxf7 Rxf7 44. Qg3 Qd8 45. Qg6+ Kh8 46. Qxh6+ Rh7 47. Qf6+ 1-0

[Event "EYCC Open-U10 2019"]
[Site "Bratislava"]
[Date "2019.08.04"]
[Round "3.8"]
[White "Zverev, Lev"]
[Black "Bazilius, Augustinas"]
[Result "1-0"]
[ECO "C12"]
[WhiteElo "1849"]
[BlackElo "1666"]
[Annotator "NA"]
[PlyCount "63"]
[EventDate "2019.08.02"]
[EventType "swiss"]
[EventCountry "SVK"]
[SourceTitle "playchess.com"]
[Source "ChessBase"]
[SourceQuality "1"]
[TimeControl "40/5400+30:1800+30"]

1. e4 e6 2. d4 d5 3. Nc3 Nf6 4. Bg5 Bb4 5. e5 h6 6. Bc1 Ne4 7. Qg4 Kf8 8. a3 Bxc3+ 9. bxc3 c5 10. Bd3 cxd4 11. Ne2 Nxc3 12. Nxd4 Nc6 13. Nxc6 bxc6 14. Qb4+ Qe7 15. Qxc3 c5 16. a4 Bd7 17. Ba3 Rc8 18. Ba6 Rc7 19. O-O Bxa4 20. Qa5 Be8 21. Bb5 Bxb5 22. Qxb5 g6 23. c4 dxc4 24. Rac1 Kg7 25. Rxc4 Rhc8 26. Qb3 h5 27. Bc1 Rd8 28. h4 Rd4 29. Bg5 Qd7 30. Qf3 Rxc4 31. Qf6+ Kh7 32. Bh6 1-0

[Event "EYCC Open-U10 2019"]
[Site "Bratislava"]
[Date "2019.08.04"]
[Round "3.9"]
[White "Jaakkola, Niklas"]
[Black "Kononenko, Vladimir"]
[Result "1/2-1/2"]
[ECO "C11"]
[WhiteElo "1587"]
[BlackElo "1667"]
[Annotator "NA"]
[PlyCount "113"]
[EventDate "2019.08.02"]
[EventType "swiss"]
[EventCountry "SVK"]
[SourceTitle "playchess.com"]
[Source "ChessBase"]
[SourceQuality "1"]
[TimeControl "40/5400+30:1800+30"]

1. e4 e6 2. d4 d5 3. Nc3 Nf6 4. Bg5 dxe4 5. Nxe4 Be7 6. Bxf6 gxf6 7. Nf3 b6 8. Bd3 Bb7 9. c3 Nc6 10. Qe2 Qd7 11. O-O-O O-O-O 12. Rhe1 Rdg8 13. g3 f5 14. Ned2 Bf6 15. Nc4 Rd8 16. Kb1 Rhe8 17. Nce5 Bxe5 18. Nxe5 Nxe5 19. Qxe5 Rg8 20. f4 h5 21. Rg1 Rg6 22. h4 Bf3 23. Rdf1 Bb7 24. Qe3 c5 25. Be2 cxd4 26. cxd4 Be4+ 27. Ka1 Qxd4 28. Qxd4 Rxd4 29. Bxh5 Rg7 30. Rd1 Rxd1+ 31. Bxd1 f6 32. h5 e5 33. fxe5 fxe5 34. g4 fxg4 35. Bxg4+ Kb8 36. a3 Bd3 37. h6 Rg5 38. Rd1 Bg6 39. Rd8+ Kc7 40. Rd7+ Kc6 41. h7 Bxh7 42. Rxh7 Rxg4 43. Rxa7 Rc4 44. b3 Rc5 45. Rh7 Kd5 46. b4 Rc6 47. Rd7+ Ke4 48. Kb2 Ke3 49. Kb3 e4 50. Ka4 Kf2 51. Rf7+ Ke1 52. Re7 Rc4 53. Kb5 Rd4 54. Kxb6 Kd2 55. b5 e3 56. Kb7 Ra4 57. b6 1/2-1/2

[Event "EYCC Open-U10 2019"]
[Site "Bratislava"]
[Date "2019.08.04"]
[Round "3.10"]
[White "Sapocinic, Semion"]
[Black "Simbelov, Roman T."]
[Result "0-1"]
[ECO "C77"]
[WhiteElo "1781"]
[BlackElo "1560"]
[Annotator "NA"]
[PlyCount "118"]
[EventDate "2019.08.02"]
[EventType "swiss"]
[EventCountry "SVK"]
[SourceTitle "playchess.com"]
[Source "ChessBase"]
[SourceQuality "1"]
[TimeControl "40/5400+30:1800+30"]

1. e4 e5 2. Nf3 Nc6 3. Bb5 a6 4. Ba4 Nf6 5. d3 b5 6. Bb3 Be7 7. O-O d6 8. c3 O-O 9. Nbd2 Na5 10. Bc2 c5 11. Re1 Nc6 12. Nf1 Re8 13. h3 d5 14. exd5 Qxd5 15. Bb3 Qd6 16. Qe2 Bf5 17. Bc2 Bf8 18. Ng3 Bg6 19. Nh4 Rad8 20. Nxg6 hxg6 21. Ne4 Nxe4 22. dxe4 Qe6 23. Be3 Na5 24. b3 Nc6 25. Bd3 Na5 26. Bc2 Nc6 27. a4 b4 28. Bd3 bxc3 29. Bc4 Qd6 30. Qc2 Nd4 31. Qxc3 Qc6 32. Bd5 Qb6 33. Qc4 Rd7 34. Bxd4 exd4 35. Rad1 g5 36. Rd3 Re5 37. Rf1 Qf6 38. g3 Qg6 39. f4 gxf4 40. Rxf4 Bd6 41. Rg4 Rg5 42. Rxg5 Qxg5 43. Kg2 a5 44. Rf3 Kf8 45. Bxf7 Bxg3 46. Rf5 Qd2+ 47. Kxg3 Qe3+ 48. Kg4 Qxe4+ 49. Rf4 Qg2+ 50. Kh5 Qxh3+ 51. Kg5 Qg3+ 52. Rg4 Qe5+ 53. Kh4 Qh2+ 54. Kg5 Qe5+ 55. Kh4 Qh2+ 56. Kg5 Qh6+ 57. Kf5 Rxf7+ 58. Ke4 Qe3+ 59. Kd5 Qf3+ 0-1

[Event "EYCC Open-U10 2019"]
[Site "Bratislava"]
[Date "2019.08.04"]
[Round "3.11"]
[White "Shearsby, Jude"]
[Black "Efimov, Leonid"]
[Result "1/2-1/2"]
[ECO "D00"]
[WhiteElo "1486"]
[BlackElo "1773"]
[Annotator "NA"]
[PlyCount "102"]
[EventDate "2019.08.02"]
[EventType "swiss"]
[EventCountry "SVK"]
[SourceTitle "playchess.com"]
[Source "ChessBase"]
[SourceQuality "1"]
[TimeControl "40/5400+30:1800+30"]

1. d4 d5 2. Bf4 c5 3. e3 Nc6 4. Nc3 Nf6 5. Nb5 Qa5+ 6. c3 cxd4 7. exd4 e5 8. dxe5 Bg4 9. f3 Nh5 10. Be3 Be6 11. g4 d4 12. Nxd4 Qxe5 13. Nxc6 Qxe3+ 14. Qe2 Qb6 15. Nd4 Nf4 16. Qb5+ Bd7 17. Qxb6 axb6 18. Bc4 Bd6 19. O-O-O h5 20. Nb5 Bxb5 21. Bxb5+ Ke7 22. Kb1 f6 23. Ne2 Nxe2 24. Rhe1 Rad8 25. Rxe2+ Kf7 26. gxh5 Be5 27. Bc4+ Ke7 28. Rg1 Kf8 29. Reg2 Rd7 30. Be6 Re7 31. Bg4 f5 32. Bxf5 Rxh5 33. Be4 Rxh2 34. Rxh2 Bxh2 35. Rg6 Bc7 36. Bxb7 Kf7 37. Rg2 Kf6 38. Be4 g5 39. Kc2 Rg7 40. Kb3 Ke5 41. Rg4 Bd8 42. Kc4 Ra7 43. a3 Ra4+ 44. Kd3 Ra7 45. Rg2 Rd7+ 46. Ke3 Be7 47. Rd2 Bc5+ 48. Ke2 Rxd2+ 49. Kxd2 g4 50. Ke2 Kf4 51. Bc6 g3 1/2-1/2

[Event "EYCC Open-U10 2019"]
[Site "Bratislava"]
[Date "2019.08.04"]
[Round "3.12"]
[White "Yonal, Timur"]
[Black "kiladze, Luka"]
[Result "0-1"]
[ECO "A05"]
[WhiteElo "1512"]
[BlackElo "1683"]
[Annotator "NA"]
[PlyCount "114"]
[EventDate "2019.08.02"]
[EventType "swiss"]
[EventCountry "SVK"]
[SourceTitle "playchess.com"]
[Source "ChessBase"]
[SourceQuality "1"]
[TimeControl "40/5400+30:1800+30"]

1. Nf3 Nf6 2. g3 g6 3. Bg2 Bg7 4. d4 O-O 5. c4 d6 6. O-O c6 7. b3 Nbd7 8. Bb2 Qc7 9. Qc2 e5 10. Nc3 Re8 11. Rad1 a6 12. Rfe1 Rb8 13. Ba3 e4 14. Ng5 e3 15. Nh3 b5 16. Bc1 Nb6 17. c5 Nbd5 18. Nxd5 Nxd5 19. fxe3 Nxe3 20. Bxe3 Rxe3 21. Nf4 Bd7 22. Kf2 Rbe8 23. Bf1 Bf5 24. Qc1 Bh6 25. cxd6 Qxd6 26. Qxe3 Rxe3 27. Kxe3 g5 28. Nd3 Qd5 29. Kf2 Qxd4+ 30. e3 Qe4 31. Bg2 Qe7 32. Rd2 Qf6 33. Nc1 g4 34. Kg1 Qc3 35. Rde2 Bf8 36. a4 Bb1 37. Kf2 Ba3 38. Na2 Qxb3 39. axb5 axb5 40. Nc1 Qc4 41. Na2 Bc2 42. h3 b4 43. Nxb4 Ba4 44. Na2 Bb3 45. Ra1 gxh3 46. Bxh3 h5 47. g4 h4 48. g5 Bd6 49. Rd2 Bg3+ 50. Kg1 Qe4 51. Rd8+ Kg7 52. Bd7 Qxe3+ 53. Kg2 Bd5+ 54. Kh3 Bc7+ 55. Kxh4 Qg3+ 56. Kh5 Bf3+ 57. Bg4 Bxg4# 0-1

[Event "EYCC Open-U10 2019"]
[Site "Bratislava"]
[Date "2019.08.05"]
[Round "4.1"]
[White "Materia, Marco"]
[Black "Zverev, Lev"]
[Result "1-0"]
[ECO "E43"]
[WhiteElo "2243"]
[BlackElo "1849"]
[Annotator "NA"]
[PlyCount "99"]
[EventDate "2019.08.02"]
[EventType "swiss"]
[EventCountry "SVK"]
[SourceTitle "playchess.com"]
[Source "ChessBase"]
[SourceQuality "1"]
[TimeControl "40/5400+30:1800+30"]

1. d4 Nf6 2. c4 e6 3. Nc3 Bb4 4. e3 b6 5. Bd3 Bb7 6. Nf3 O-O 7. O-O d5 8. cxd5 exd5 9. Ne5 Nbd7 10. f4 Ne4 11. Nxe4 dxe4 12. Bc4 Bd6 13. Qb3 Qe7 14. Bd2 Nf6 15. Be1 a6 16. a4 Nd7 17. Bh4 Qe8 18. Bd5 Bxd5 19. Qxd5 Kh8 20. Nxd7 Qxd7 21. Qxe4 f5 22. Qd3 a5 23. Bf2 Rae8 24. Rfc1 Re4 25. Qb5 Qe6 26. Qc4 Qe7 27. Qd5 g6 28. Qb3 Re8 29. Qd3 Kg7 30. Kh1 Kh8 31. Rf1 Qe6 32. Rac1 Kg7 33. Qc3 Qd7 34. Qc6 Qe6 35. Rfd1 Qe7 36. Rd3 Re6 37. Qc3 Re4 38. Qb3 Kh8 39. Qd1 Kg7 40. Rdc3 Kg8 41. h3 Qd7 42. Qb3+ Kg7 43. Rc6 Kh8 44. Qb5 Qe6 45. Rxc7 Bxc7 46. Rxc7 Rd8 47. Qa6 Re8 48. Bh4 Rxe3 49. Qb7 Re1+ 50. Kh2 1-0

[Event "EYCC Open-U10 2019"]
[Site "Bratislava"]
[Date "2019.08.05"]
[Round "4.2"]
[White "kiladze, Luka"]
[Black "Finek, Vaclav"]
[Result "1/2-1/2"]
[ECO "A48"]
[WhiteElo "1683"]
[BlackElo "2043"]
[Annotator "NA"]
[PlyCount "134"]
[EventDate "2019.08.02"]
[EventType "swiss"]
[EventCountry "SVK"]
[SourceTitle "playchess.com"]
[Source "ChessBase"]
[SourceQuality "1"]
[TimeControl "40/5400+30:1800+30"]

1. d4 Nf6 2. Nf3 g6 3. Bf4 Bg7 4. e3 O-O 5. h3 c5 6. c3 d5 7. Bd3 b6 8. O-O Bb7 9. Nbd2 Nbd7 10. Qe2 Ne4 11. Rad1 Qc8 12. Ne5 Nxe5 13. dxe5 Nxd2 14. Rxd2 Qe6 15. Qg4 Qxg4 16. hxg4 c4 17. Be2 b5 18. Bf3 e6 19. Rfd1 Rfc8 20. Re2 f6 21. exf6 Bxf6 22. g5 Bg7 23. e4 e5 24. Be3 dxe4 25. Bg4 Rd8 26. Red2 Rd3 27. Be6+ Kh8 28. b3 cxb3 29. Bxb3 Rad8 30. Bc2 Rxd2 31. Rxd2 Rxd2 32. Bxd2 Bd5 33. a4 a6 34. axb5 axb5 35. Kf1 Kg8 36. Bd1 Kf7 37. Bg4 Be6 38. Be2 Bc4 39. Bxc4+ bxc4 40. Be3 Bf8 41. Ke2 Ke6 42. g4 Kd5 43. Kd1 Be7 44. Kc2 Kc6 45. Kd1 Kb5 46. Kc2 Ka4 47. Kb2 Bd6 48. Ka2 Bc7 49. Bd2 Bb6 50. Be3 Ba5 51. Kb2 Bd8 52. Ka2 Bc7 53. Bd2 e3 54. Bxe3 e4 55. Bd4 Bd8 56. Be3 Be7 57. Bf4 Bf8 58. Be3 Bg7 59. Kb2 Be5 60. Bd2 Kb5 61. Be3 Kc6 62. Kc2 Kd5 63. Kd2 Bd6 64. Kc2 Be7 65. Kd2 Bd6 66. Kc2 Ke6 67. Kd2 Ke5 1/2-1/2

[Event "EYCC Open-U10 2019"]
[Site "Bratislava"]
[Date "2019.08.05"]
[Round "4.3"]
[White "Vetokhin, Savva"]
[Black "Averin, Nikolay"]
[Result "1-0"]
[ECO "C07"]
[WhiteElo "1954"]
[BlackElo "1840"]
[Annotator "NA"]
[PlyCount "93"]
[EventDate "2019.08.02"]
[EventType "swiss"]
[EventCountry "SVK"]
[SourceTitle "playchess.com"]
[Source "ChessBase"]
[SourceQuality "1"]
[TimeControl "40/5400+30:1800+30"]

1. e4 e6 2. d4 d5 3. Nd2 c5 4. Ngf3 cxd4 5. Nxd4 Nc6 6. Bb5 Bd7 7. Nxc6 bxc6 8. Bd3 Qc7 9. O-O Ne7 10. Nf3 g6 11. Re1 Bg7 12. e5 O-O 13. Bf4 c5 14. b3 d4 15. Ng5 Nd5 16. Bg3 Nc3 17. Qg4 Bc6 18. h4 h5 19. Qf4 Qb7 20. Ne4 Nxe4 21. Bxe4 Bxe4 22. Rxe4 Rfd8 23. Rae1 Qb4 24. Bh2 Qa3 25. g4 Qxa2 26. R1e2 d3 27. cxd3 Qxb3 28. gxh5 a5 29. h6 Bh8 30. h7+ Kf8 31. Qf6 Bxf6 32. exf6 Ke8 33. h8=Q+ Kd7 34. Qh6 g5 35. Qh5 Rf8 36. hxg5 Qd5 37. Qg4 Rg8 38. Re5 Qc6 39. d4 Qa4 40. Rd5+ Kc6 41. Rxc5+ Kb6 42. Rb2+ Qb4 43. Rxb4+ axb4 44. Bc7+ Ka6 45. Qe2+ Kb7 46. Qb5+ Kc8 47. Ba5# 1-0

[Event "EYCC Open-U10 2019"]
[Site "Bratislava"]
[Date "2019.08.05"]
[Round "4.4"]
[White "Samunenkov, Ihor"]
[Black "Deladerriere, Apollo"]
[Result "1-0"]
[ECO "A45"]
[WhiteElo "1985"]
[BlackElo "1696"]
[Annotator "NA"]
[PlyCount "59"]
[EventDate "2019.08.02"]
[EventType "swiss"]
[EventCountry "SVK"]
[SourceTitle "playchess.com"]
[Source "ChessBase"]
[SourceQuality "1"]
[TimeControl "40/5400+30:1800+30"]

1. d4 Nf6 2. g3 c5 3. d5 b5 4. Bg2 d6 5. b3 g6 6. Nf3 Bg7 7. Bb2 O-O 8. O-O Nbd7 9. Re1 a5 10. e4 Nb6 11. Nh4 e6 12. dxe6 fxe6 13. e5 Nfd5 14. Nd2 Ra7 15. Ne4 Rd7 16. Qg4 Qe8 17. Ng5 Rd8 18. Be4 dxe5 19. Nxh7 Qf7 20. Nxf8 Rxf8 21. f3 Qa7 22. Qxg6 c4 23. Qh7+ Kf7 24. Bg6+ Ke7 25. Qxg7+ Kd8 26. Qxa7 a4 27. Rad1 axb3 28. Bxe5 Na8 29. Bf7 bxc2 30. Bf6# 1-0

[Event "EYCC Open-U10 2019"]
[Site "Bratislava"]
[Date "2019.08.05"]
[Round "4.5"]
[White "Simbelov, Roman T."]
[Black "Usov, Aleksandr E."]
[Result "1-0"]
[ECO "B15"]
[WhiteElo "1560"]
[BlackElo "1809"]
[Annotator "NA"]
[PlyCount "142"]
[EventDate "2019.08.02"]
[EventType "swiss"]
[EventCountry "SVK"]
[SourceTitle "playchess.com"]
[Source "ChessBase"]
[SourceQuality "1"]
[TimeControl "40/5400+30:1800+30"]

1. e4 c6 2. d4 d5 3. Nc3 dxe4 4. Nxe4 Nf6 5. Nxf6+ exf6 6. c3 Bd6 7. Bd3 O-O 8. Qc2 Re8+ 9. Ne2 h5 10. O-O h4 11. Re1 h3 12. g3 Bg4 13. Bf5 Bxf5 14. Qxf5 Qd7 15. Qxd7 Nxd7 16. Bf4 Bb8 17. Bxb8 Raxb8 18. Nf4 g5 19. Nxh3 Kg7 20. f3 Nb6 21. Nf2 Nc4 22. Nd3 Nd6 23. Kf2 f5 24. Rad1 f6 25. Nc5 Kf7 26. Nd3 a5 27. a4 Rh8 28. Kg2 f4 29. Re2 Nf5 30. Rde1 Rbg8 31. Nf2 Rh7 32. Ng4 Rgh8 33. Kf2 Rh3 34. Rg1 Nh6 35. gxf4 Nxg4+ 36. Rxg4 gxf4 37. Rg2 Rxh2 38. Re4 R8h4 39. Re1 Rh1 40. Reg1 Rxg1 41. Rxg1 Rh8 42. Rg4 f5 43. Rg2 Kf6 44. Ke2 Rh1 45. Kd3 Rf1 46. Ke2 Ra1 47. Rh2 Kg6 48. Rg2+ Kf6 49. Rh2 Rxa4 50. Rh7 b5 51. Rh6+ Ke7 52. Rxc6 Ra2 53. Rc5 Rxb2+ 54. Kd3 Ke6 55. Rc6+ Ke7 56. Rc5 a4 57. Rc7+ Kd6 58. Ra7 Rf2 59. Ra6+ Kd5 60. Rb6 Rxf3+ 61. Kd2 Kc4 62. Rc6+ Kb3 63. Rb6 Rf2+ 64. Kd3 a3 65. Rxb5+ Ka4 66. Rb4+ Ka5 67. Rb8 a2 68. d5 Rb2 69. Ra8+ Kb6 70. c4 f3 71. Rb8+ Kc7 1-0

[Event "EYCC Open-U10 2019"]
[Site "Bratislava"]
[Date "2019.08.05"]
[Round "4.6"]
[White "Giang, Tran Nam"]
[Black "Tolmacevs, Artjoms"]
[Result "1-0"]
[ECO "B90"]
[WhiteElo "1931"]
[BlackElo "1583"]
[Annotator "NA"]
[PlyCount "81"]
[EventDate "2019.08.02"]
[EventType "swiss"]
[EventCountry "SVK"]
[SourceTitle "playchess.com"]
[Source "ChessBase"]
[SourceQuality "1"]
[TimeControl "40/5400+30:1800+30"]

1. e4 c5 2. Nf3 d6 3. d4 cxd4 4. Nxd4 Nf6 5. Nc3 a6 6. h3 e5 7. Nde2 h5 8. Bg5 Be7 9. Ng3 Be6 10. Bxf6 Bxf6 11. Nxh5 g6 12. Nxf6+ Qxf6 13. Qxd6 Nc6 14. Nd5 Qd8 15. Nc7+ Qxc7 16. Qxc7 O-O 17. Qb6 Nd4 18. Bd3 Rac8 19. c3 Bc4 20. Bxc4 Nc2+ 21. Kd2 Nxa1 22. Qxg6+ Kh8 23. Qh6+ Kg8 24. Bd3 Rc6 25. Qe3 Re8 26. Rxa1 Rd6 27. Kc2 Red8 28. Rd1 b5 29. Be2 Rxd1 30. Bxd1 Rd6 31. Qg5+ Rg6 32. Qxe5 Rxg2 33. Qg3+ Rxg3 34. fxg3 Kh7 35. Kd3 Kh6 36. a4 f5 37. axb5 axb5 38. exf5 Kg5 39. Ke4 Kf6 40. g4 Kg5 41. Ke5 1-0

[Event "EYCC Open-U10 2019"]
[Site "Bratislava"]
[Date "2019.08.05"]
[Round "4.7"]
[White "Jaakkola, Niklas"]
[Black "Azadaliyev, Jahandar"]
[Result "0-1"]
[ECO "B31"]
[WhiteElo "1587"]
[BlackElo "1905"]
[Annotator "NA"]
[PlyCount "158"]
[EventDate "2019.08.02"]
[EventType "swiss"]
[EventCountry "SVK"]
[SourceTitle "playchess.com"]
[Source "ChessBase"]
[SourceQuality "1"]
[TimeControl "40/5400+30:1800+30"]

1. e4 c5 2. Nf3 Nc6 3. Bb5 g6 4. Bxc6 dxc6 5. O-O Bg7 6. d3 e5 7. Re1 Ne7 8. Be3 b6 9. Nbd2 O-O 10. Nc4 Bg4 11. h3 Bxf3 12. Qxf3 Qd7 13. Bg5 f6 14. Bh4 g5 15. Bg3 Nc8 16. Ne3 Ne7 17. Nf5 Nxf5 18. exf5 Qd4 19. c3 Qd7 20. Rad1 Rad8 21. Re2 Qd5 22. Qxd5+ Rxd5 23. c4 Rd7 24. Red2 Rfd8 25. f3 Bh6 26. Kf1 g4 27. hxg4 Bxd2 28. Rxd2 Rxd3 29. Rxd3 Rxd3 30. Ke2 Rd4 31. b3 a5 32. a4 Rd7 33. Bf2 b5 34. cxb5 cxb5 35. Bxc5 bxa4 36. bxa4 Kf7 37. Bb6 Rb7 38. Bxa5 Ra7 39. Bb6 Rxa4 40. Kf2 e4 41. Ke3 exf3 42. Kxf3 Ke8 43. Bc7 Rc4 44. Bf4 Rc2 45. Bd6 Rc3+ 46. Kf2 Rc1 47. Kf3 Rh1 48. Bb8 Kd7 49. Ba7 Rd1 50. Bb8 Rf1+ 51. Ke3 Kc6 52. Ba7 Kd5 53. Bb8 Ra1 54. Bc7 Rc1 55. Bb8 Rg1 56. Kf3 Rb1 57. Ba7 Ke5 58. Kg3 Rb5 59. Bf2 Rb3+ 60. Kh4 Kf4 61. Bc5 Rb1 62. Bd6+ Ke4 63. Kg3 Rb7 64. Kh4 Kd5 65. Bf4 Ke4 66. Bd6 Rb1 67. Kg3 Rh1 68. Be7 Ke5 69. Kf3 h5 70. gxh5 Rxh5 71. g4 Rh3+ 72. Kg2 Rh7 73. Bb4 Kf4 74. Bc3 Rf7 75. Kh3 Kf3 76. Bxf6 Rxf6 77. g5 Rxf5 78. Kh4 Kf4 79. g6 Rg5 0-1

[Event "EYCC Open-U10 2019"]
[Site "Bratislava"]
[Date "2019.08.05"]
[Round "4.8"]
[White "Kononenko, Vladimir"]
[Black "Haubold, Sebastian Marcel"]
[Result "1-0"]
[ECO "A57"]
[WhiteElo "1667"]
[BlackElo "1455"]
[Annotator "NA"]
[PlyCount "97"]
[EventDate "2019.08.02"]
[EventType "swiss"]
[EventCountry "SVK"]
[SourceTitle "playchess.com"]
[Source "ChessBase"]
[SourceQuality "1"]
[TimeControl "40/5400+30:1800+30"]

1. d4 Nf6 2. c4 c5 3. d5 b5 4. cxb5 a6 5. b6 Qxb6 6. Nc3 g6 7. e4 d6 8. Nf3 Nbd7 9. Bd3 Bg7 10. O-O O-O 11. Kh1 Ng4 12. Qc2 Rb8 13. h3 Nge5 14. Nxe5 Nxe5 15. Be2 a5 16. f4 Nd7 17. Nb5 Ba6 18. a4 Rfc8 19. Bc4 Re8 20. Ra3 e6 21. dxe6 fxe6 22. Rd3 Bxb5 23. Bxb5 Re7 24. Be3 Bf8 25. Rfd1 Rf7 26. Qc4 Re8 27. b3 Rg7 28. Bxd7 Rxd7 29. Bxc5 Qb8 30. Qa6 Red8 31. Qxa5 Qb7 32. Ba3 Qxe4 33. Qe1 Qf5 34. a5 Kf7 35. a6 Qb5 36. Bb2 Qxa6 37. Qc3 d5 38. Qf6+ Ke8 39. Re3 Re7 40. Qg5 Bg7 41. Bxg7 Rxg7 42. f5 Rd6 43. fxe6 Re7 44. Rde1 Rdxe6 45. Qxe7+ Rxe7 46. Rxe7+ Kf8 47. Rxh7 Qd3 48. Ra1 Kg8 49. Rb7 1-0

[Event "EYCC Open-U10 2019"]
[Site "Bratislava"]
[Date "2019.08.05"]
[Round "4.9"]
[White "Ljepic, Andrej"]
[Black "Shearsby, Jude"]
[Result "1-0"]
[ECO "B00"]
[WhiteElo "1824"]
[BlackElo "1486"]
[Annotator "NA"]
[PlyCount "47"]
[EventDate "2019.08.02"]
[EventType "swiss"]
[EventCountry "SVK"]
[SourceTitle "playchess.com"]
[Source "ChessBase"]
[SourceQuality "1"]
[TimeControl "40/5400+30:1800+30"]

1. e4 Nc6 2. Nf3 d6 3. d4 Nf6 4. Nc3 g6 5. h3 Bg7 6. Be3 O-O 7. d5 Nb8 8. Qd2 c6 9. O-O-O cxd5 10. exd5 Nbd7 11. Bh6 a6 12. h4 Qb6 13. Bxg7 Kxg7 14. h5 Ng4 15. Nd4 Ndf6 16. f3 Ne5 17. g4 Rh8 18. hxg6 fxg6 19. Qe3 Qd8 20. Re1 b5 21. g5 Ng8 22. f4 Ng4 23. Ne6+ Bxe6 24. Qd4+ 1-0